 Dungeon Crawl Stone Soup version 0.27-a0-1188-g73eefd5def (webtiles) character file.

Game seed: 2197428208956135098

219 leviel the Magician (level 6, -10/43 HPs)
             Began as a Djinni Fire Elementalist on May 21, 2021.
             Killed from afar by a white imp (13 damage)
             ... with a puff of frost
             ... on level 3 of the Dungeon.
             The game lasted 00:03:50 (2526 turns).

leviel the Magician (Djinni Fire Elementalist)      Turns: 2526, Time: 00:03:50

Health: -10/43     AC:  5    Str:  8    XL:     6   Next: 18%
Gold:   135        EV: 13    Int: 17    God:
                   SH:  0    Dex: 14

rFire    + + .     SeeInvis +   c - +2 short sword (venom)
rCold    x . .     Faith    .   (no shield)
rNeg     . . .     Spirit   .   a - +0 robe
rPois    ∞         Reflect  .   i - +2 helmet
rElec    .         Harm     .   (no cloak)
rCorr    .         Rampage  .   (no gloves)
Will     .....                  (boots unavailable)
Stlth    ++........             (no amulet)
HPRegen  0.14/turn              e - ring of see invisible
MPRegen  0.00/turn              (no ring)

@: flying
A: sickness immunity, fire resistance 2, cold vulnerability 1, float, innate
caster, hp casting, extra vitality 1
a: no special abilities


You were on level 3 of the Dungeon.
You visited 1 branch of the dungeon, and saw 3 of its levels.

You collected 135 gold pieces.

Inventory:

Hand Weapons
 c - a +2 short sword of venom (weapon)
Armour
 a - a +0 robe (worn)
 i - a +2 helmet (worn)
Jewellery
 e - a ring of see invisible (left hand)
Wands
 k - a wand of digging (7)
Scrolls
 d - 2 scrolls of teleportation {unknown}
 f - a scroll of acquirement {unknown}
 g - a scroll of identify {unknown}
 h - 2 scrolls of magic mapping {unknown}
Potions
 b - a potion of invisibility {unknown}
 j - a potion of magic {unknown}
 l - a potion of curing {unknown}
 m - a potion of mutation {unknown}
 n - a potion of berserk rage {unknown}


   Skills:
 + Level 1.7 Fighting
 + Level 2.4 Short Blades
 + Level 3.1 Dodging
 - Level 2.0 Stealth
 + Level 3.5 Spellcasting


You couldn't memorise any spells.
You knew the following spells:

 Your Spells              Type           Power      Damage    Failure   Level
a - Foxfire               Conj/Fire      60%        2x1d7     3%          1
b - Conjure Flame         Conj/Fire      15%        6-21      12%         3
c - Inner Flame           Hex/Fire       15%        N/A       12%         3
d - Sticky Flame          Conj/Fire      15%        2d4       36%         4
e - Fireball              Conj/Fire      7%         3d5       71%         5
f - Freeze                Ice            60%        1d8       3%          1
g - Passwall              Tmut/Erth      12%        N/A       6%          2
Your spell library was empty.

Dungeon Overview and Level Annotations

Branches:
Dungeon (3/15)

Altars:


Innate Abilities, Weirdness & Mutations

You are immune to sickness and miasma.
You are immune to poison.
Your flesh is very heat resistant. (rF++)
You are vulnerable to cold. (rC-)
You float through the air rather than walking.
You learn spells naturally, not from books.
Your magical power is your life essence.
You have superior vitality. (+4 HP)


Message History

Increase (S)trength, (I)ntelligence, or (D)exterity?
You feel stronger.
You closely miss the rat. The rat bites you.
* * * LOW HITPOINT WARNING * * *
You hit the rat.
You kill the rat!
You start resting.
A ball python comes into view.
A ball python is nearby!
You start resting.
A ball python is nearby!
n - a bubbling green potion
Items here: ) [ ††.
A white imp comes into view.
You are too injured to fight recklessly!
You are too injured to fight recklessly!
You are too injured to fight recklessly!
A white imp is nearby!
You are too injured to fight recklessly!
Found 17 stones.
You barely miss the white imp. The white imp closely misses you.
You barely miss the white imp. The white imp barely misses you.
You closely miss the white imp. The white imp closely misses you.
You hit the white imp.
The white imp is lightly wounded.
The white imp hits you. The white imp freezes you.
You feel a terrible chill!
* * * LOW HITPOINT WARNING * * *
You hit the white imp.
The white imp is lightly wounded.
The white imp gestures at you. The puff of frost hits you!
You feel a terrible chill!
* * * LOW HITPOINT WARNING * * *
You hit the white imp.
The white imp is moderately wounded.
The white imp closely misses you.
You hit the white imp.
The white imp is poisoned.
The white imp is moderately wounded.
The white imp gestures at you. The puff of frost hits you!
You feel a terrible chill!
You die...

..# #....#<.# #.#
###.# #....#######.#
+...# #............#
#..###...#...######
#...###'##...#
#)......##...#
.......##..##.#######
.##.... ##.##........
##... #..#@#######
#... ##.#5# #... .#.#
.... ...# .##.# #..#
#..# #..# (..#


You could see a white imp (very poisoned).

Vanquished Creatures
  Sigmund (D:3)
  2 adders (D:2)
  4 bats
  4 endoplasms
  2 giant cockroaches (D:2)
  2 goblins
  3 hobgoblins
  6 jackals
  A quokka (D:2)
  5 ball pythons
  4 kobolds
  7 rats
41 creatures vanquished.

Vanquished Creatures (others)
  48 foxfires
48 creatures vanquished.

Grand Total: 89 creatures vanquished

Notes
Turn   | Place    | Note
-------+----------+-------------------------------------------
     0 | D:1      | leviel the Djinni Fire Elementalist began the quest for the
                  | Orb.
     0 | D:1      | Reached XP level 1. HP: 15/15 MP: 0/0
   229 | D:1      | Reached XP level 2. HP: 20/21 MP: 0/0
   650 | D:1      | Found a faded altar of an unknown god.
   843 | D:1      | Reached XP level 3. HP: 25/25 MP: 0/0
   843 | D:1      | Learned a level 1 spell: Freeze
  1816 | D:2      | Reached XP level 4. HP: 27/31 MP: 0/0
  2416 | D:3      | Noticed Sigmund
  2436 | D:3      | Killed Sigmund
  2437 | D:3      | Reached skill level 1 in Fighting
  2437 | D:3      | Reached XP level 5. HP: 7/38 MP: 0/0
  2437 | D:3      | Learned a level 2 spell: Passwall
  2437 | D:3      | Reached XP level 6. HP: 8/43 MP: 0/0
  2526 | D:3      | Killed from afar by a white imp

Illustrated notes

Levels and vault maps discovered:
D:1:      dpeg_arrival_shrine, layout_basic,
          shapermc_ecumenical_altar_flowoftime, fountainhead,
          hangedman_abyss_or_decor_lesser_grid
D:2:      layout_basic, chequers_serial_rivers_micro_c
D:3:      layout_basic, minmay_cut_off, uniq_purgy, uniq_sigmund

Skill      XL: |  1  2  3  4 |
---------------+-------------+-----
Spellcasting   | 3 |  3.5
Stealth        | 2 |  2.0
Fighting       | 1 |  1.7
Short Blades   | 2 |  2.4
Dodging        | 3 |  3.1

Action                   |  1- 3 |  4- 6 || total
-------------------------+-------+-------++-------
Melee: Short sword       |    63 |    14 ||    77
 Cast: Foxfire           |    23 |    13 ||    36
 Stab: Sleeping          |     5 |       ||     5
Armor: Robe              |    12 |     2 ||    14
Dodge: Dodged            |    48 |    11 ||    59

Table legend: (Time is in decaauts)
 A = Elapsed time spent in this place.
 B = Non-inter-level travel time spent in this place.
 C = Inter-level travel time spent in this place.
 D = Time resting spent in this place.
 E = Time spent auto-exploring this place.
 F = Levels seen in this place.
 G = Mean time per level.
                   A        B        C        D        E       F      G
               +--------+--------+--------+--------+--------+-----+--------+
         Total |   2530 |   2476 |     54 |     30 |   2161 |   3 |  843.3 |
       Dungeon |   2530 |   2476 |     54 |     30 |   2161 |   3 |  843.3 |
               +--------+--------+--------+--------+--------+-----+--------+

Top non-repeatable levels by time:
     D:1: 1304 daAuts
     D:2: 1084 daAuts
     D:3: 142 daAuts
